 Dungeon Crawl Stone Soup version 0.25-a0-697-g890751e744 (console) character file.

Game seed: 8462742868191063585, levelgen mode: classic

95658 Duffy the Severer (level 16, -10/148 HPs)
             Began as a Naga Gladiator on Apr 1, 2020.
             Was the Champion of Makhleb.
             Killed from afar by an orc sorcerer (15 damage)
             ... with a bolt of fire
             ... on level 15 of the Dungeon.
             The game lasted 00:39:38 (28892 turns).

Duffy the Severer (Naga Gladiator)                 Turns: 28892, Time: 00:39:39

Health: -10/148    AC: 23    Str: 18    XL:     16   Next: 14%
Magic:  21/21      EV: 16    Int: 11    God:    Makhleb [******]
Gold:   1644       SH:  8    Dex: 19    Spells: 15/15 levels left

rFire    . . .     SeeInvis +   a - +2 broad axe (elec)
rCold    + . .     Gourm    .   l - +0 kite shield
rNeg     + + .     Faith    .   T - +0 acid dragon scales
rPois    +         Spirit   .   L - +3 crown of Dyrovepreva {rElec Int+2 SInv}
rElec    +         Reflect  .   P - +0 cloak {+Inv}
rCorr    +         Harm     .   s - +0 pair of gloves
MR       ++...                  (no barding)
Stlth    +.........             K - macabre finger necklace {rN+}
HPRegen  0.34/turn              k - +6 ring of dexterity
MPRegen  0.17/turn              M - +6 ring of protection
                                I - ring "Cifog" {rElec rC+ rN+ Int-5 Slay+2}

@: studying Fighting, very slow
A: large, see invisible, deformed body, poison resistance, slowness 2, slow
metabolism 1, spit poison 1, constrict 1, AC +5
a: Spit Poison, Minor Destruction, Lesser Servant of Makhleb, Major Destruction,
Greater Servant of Makhleb, Renounce Religion, Evoke Invisibility


You were on level 15 of the Dungeon.
You worshipped Makhleb.
Makhleb was exalted by your worship.
You were not hungry.

You visited 3 branches of the dungeon, and saw 23 of its levels.
You also visited: Ossuary and Gauntlet.

You collected 2853 gold pieces.
You spent 1209 gold pieces at shops.

Inventory:

Hand Weapons
 a - a +2 broad axe of electrocution (weapon)
 b - the +5 demon whip "Spellbinder" {antimagic, MR+}
   (You found it in a Gauntlet)

   It reduces the magical energy of the wielder, and disrupts the spells and
   magical abilities of those hit.
   Natural abilities and divine invocations are not affected.
   It affects your resistance to hostile enchantments.
 X - the +7 great mace "Tuzou" {elec, rF++ Str+4 Int+4 Dex-5}
   (You took it off a minotaur in a Gauntlet)

   Occasionally, upon striking a foe, it will discharge some electrical energy
   and cause terrible harm.
   It affects your strength (+4).
   It affects your intelligence (+4).
   It affects your dexterity (-5).
   It greatly protects you from fire.
Missiles
 d - 3 throwing nets (quivered)
Armour
 l - a +0 kite shield (worn)
 s - a +0 pair of gloves (worn)
 t - a +2 plate armour of fire resistance
 L - the +3 crown of Dyrovepreva (worn) {rElec Int+2 SInv}
   (You found it on level 7 of the Dungeon)

   It affects your intelligence (+2).
   It insulates you from electricity.
   It lets you see invisible.
 O - a +1 scale mail of cold resistance
 P - a +0 cloak of invisibility (worn)
 T - +0 acid dragon scales (worn)
Jewellery
 k - a +6 ring of dexterity (left hand)
 I - the ring "Cifog" (on amulet) {rElec rC+ rN+ Int-5 Slay+2}
   (You found it in a Gauntlet)

   [ring of protection from cold]

   It affects your intelligence (-5).
   It affects your accuracy and damage with ranged weapons and melee attacks
   (+2).
   It protects you from cold.
   It insulates you from electricity.
   It protects you from negative energy.
 K - the macabre finger necklace (around neck) {rN+}
   (You found it on level 7 of the Dungeon)

   [amulet of nothing]

   It protects you from negative energy.
 M - a +6 ring of protection (right hand)
Wands
 z - a wand of scattershot (4)
 H - a wand of digging (3)
 J - a wand of acid (9)
 R - a wand of disintegration (32)
 U - a wand of paralysis (21)
Scrolls
 h - 14 scrolls of remove curse
 j - a scroll of identify
 m - 7 scrolls of teleportation
 q - 7 scrolls of fear
 r - 6 scrolls of magic mapping
 y - 6 scrolls of blinking
 F - a scroll of enchant weapon
 S - 2 scrolls of fog
 Y - a scroll of immolation
 Z - a scroll of enchant armour
Potions
 e - a potion of flight
 g - 9 potions of curing
 i - 6 potions of brilliance
 n - 3 potions of berserk rage
 o - a potion of resistance
 p - 3 potions of haste
 u - 6 potions of heal wounds
 v - 6 potions of might
 w - a potion of invisibility
 E - a potion of ambrosia
 G - a potion of magic
 W - 7 potions of lignification
Books
 c - a manual of Fighting
Miscellaneous
 x - a phantom mirror
 B - a tin of tremorstones
 D - a phial of floods
Comestibles
 f - 40 rations


   Skills:
 + Level 10.7 Fighting
 - Level 16.0 Axes
 - Level 1.7 Throwing
 - Level 11.2 Armour
 - Level 12.5 Dodging
 - Level 7.2 Invocations
 - Level 5.0 Evocations


You had 15 spell levels left.
You didn't know any spells.
Your spell library contained the following spells:

 Spells                   Type           Power        Failure   Level  Hunger
 Animate Skeleton         Necr           N/A          97%         1    ##.....
 Foxfire                  Conj/Fire      #...         97%         1    ##.....
 Pain                     Necr           #...         97%         1    ##.....
 Sandblast                Erth           #.....       97%         1    ##.....
 Passwall                 Tmut/Erth      #.......     99%         2    ###....
 Poisonous Vapours        Pois/Air       #.....       99%         2    ###....
 Conjure Flame            Conj/Fire      #.......     100%        3    ####...
 Mephitic Cloud           Conj/Pois/Air  #.......     100%        3    ####...
 Stone Arrow              Conj/Erth      #.....       100%        3    ####...
 Vampiric Draining        Necr           #.........   100%        3    ####...
 Animate Dead             Necr           N/A          100%        4    #####..
 Cause Fear               Hex            #.........   100%        4    #####..
 Leda's Liquefaction      Hex/Erth       #.........   100%        4    #####..
 Petrify                  Tmut/Erth      #.......     100%        4    #####..
 Agony                    Necr           #.......     100%        5    ######.
 Bolt of Magma            Conj/Fire/Erth #.........   100%        5    ######.
 Fireball                 Conj/Fire      #.........   100%        5    ######.
 Lee's Rapid Deconstruct  Erth           #.........   100%        5    ######.
 Silence                  Hex/Air        #.........   100%        5    ######.
 Yara's Violent Unravell  Hex/Tmut       #.........   100%        5    ######.
 Deflect Missiles         Chrm/Air       #.........   100%        6    #######
 Freezing Cloud           Conj/Ice/Air   #.........   100%        6    #######
 Iron Shot                Conj/Erth      #.........   100%        6    #######
 Statue Form              Tmut/Erth      #........    100%        6    #######
 Ring of Flames           Chrm/Fire      #.........   100%        7    #######
 Discord                  Hex            #.........   100%        8    #######
 Shatter                  Erth           #.........   100%        9    #######


Dungeon Overview and Level Annotations

Branches:
Dungeon (15/15)            Temple (0/1) D:7            Lair (6/6) D:9
 Shoals (0/4) Lair:2        Snake (0/4) Lair:3        Slime (0/5) Lair:6
    Orc (2/2) D:12            Elf (0/3) Orc:2        Vaults (0/5) D:14
 Depths (0/5) D:15        Ossuary (visited)         Gauntlet (visited)

Altars:
Ashenzari
Cheibriados
Dithmenos
Elyvilon
Hepliaklqana
Makhleb
Okawaru
Qazlal
Ru
Sif Muna
Vehumet
Wu Jian
Xom
The Shining One
Beogh
Jiyva

Shops:
D:11 !   D:13 *   D:14 !:[*   Orc:2 [%*!

Annotations:
D:9 exclusion: ice statue
Lair:2 exclusion: 4 oklob plants
Orc:2 3 runed translucent doors, Duffy's ghost, journeyman NaGl


Innate Abilities, Weirdness & Mutations

You cannot wear boots.
Your serpentine skin is tough. (AC +5)
You have supernaturally acute eyesight. (SInv)
Armour fits poorly on your strangely shaped body.
Your system is resistant to poisons. (rPois)
You cover ground very slowly.
You have a slow metabolism.
You can spit poison.
You can use your snake-like lower body to constrict enemies.


Message History

The ettin hits you but does no damage.
The ettin hits you with a +0 dire flail!!
You slash the ettin!
The ettin is almost dead.
You barely miss the orc sorcerer. The orc sorcerer casts a spell at you.
You resist with almost no effort. The ogre mage barely misses you.
The ettin closely misses you.
The ettin hits you with a +0 dire flail!
You slash the ettin! Lightning courses through the ettin!
You kill the ettin!
Makhleb accepts your kill.
You feel better.
You hit the orc sorcerer. The orc sorcerer closely misses you.
The ogre mage points at you and mumbles some strange words.
You block the crystal spear. The orc sorcerer casts a spell at you.
The bolt of fire hits you!! The ogre mage completely misses you.
The orc sorcerer points at you and mumbles some strange words.
The bolt of fire hits you!
You die...

**,,,,,,,,,,,******### *,,****
*,,,,,,,,,,,,,**,,##.#####*,,.*
*,,,,,,,,,,,,*,,,##.$....###..*
*,***,,,,,,,,,,*##..........0**
,,* *****,,,,**##...........0#
,,* ***,,,,**##..........000#
,*****,,,,*** #...........008#
,***,,,,,** #..o.......00.#*
,*,,,,,*******##.@.......00.#
,,,,,,** *,#...O%.......0..#
,,,,,,*****,#...#.........0##
,,,,,**,,,,,#...##.........#
,,,,***,,*,#.#.**##.....##.#
,,,,***,*,..*..,* ##..###..#
,,,,,,*,,,.,#.,,** #### #.##
,**,,,,,*,,>#.,,,** #.#
,**,****,****,,,,,** ##.#


You could see an ogre mage and an orc sorcerer.

Vanquished Creatures
  Rupert (D:12)
  Gastronok (D:11)
  A minotaur (Gauntlet)
  An ettin (D:15)
  Fannar (D:11)
  5 hydras
  Erica (D:10)
  20 two-headed ogres
  5 ogre magi
  A tengu warrior (D:15)
  11 death yaks
  Nergalle (D:11)
  An unseen horror (D:14)
  A wizard (Gauntlet)
  A lindwurm (Lair:6)
  4 orc knights
  A deep elf mage (D:9)
  2 manticores
  5 ugly things
  3 cyclopes
  A centaur zombie (D:15)
  5 elephants (Lair:5)
  Maurice (Orc:2)
  5 black mambas
  6 torpor snails (Lair:6)
  14 spiny frogs
  An apocalypse crab (Gauntlet)
  A gargoyle (D:15)
  8 komodo dragons
  2 rime drakes
  An efreet (D:14)
  A meliai (shapeshifter) (D:15)
  4 tyrant leeches (Lair:6)
  10 polar bears
  10 hornets
  A raiju (Lair:6)
  13 blink frogs
  11 hippogriffs
  A spriggan (D:7)
  A wraith (D:6)
  5 wyverns
  37 yaks
  Eustachio (D:6)
  3 basilisks
  Grum (D:8)
  4 hungry ghosts
  5 small abominations (Gauntlet)
  10 vampire mosquitoes
  3 insubstantial wisps (Lair:3)
  4 nagas (Lair:3)
  Edmund (D:5)
  10 wargs
  A soldier ant (D:15)
  An acid dragon (D:11)
  16 hell hounds (Lair:6)
  7 water moccasins
  8 porcupines
  13 black bears
  19 orc warriors
  6 ice beasts
  2 sky beasts
  2 eyes of draining
  35 ogres
  18 wolves
  16 centaurs
  5 big kobolds
  11 crocodiles
  21 bullfrogs
  A wyvern skeleton (D:3)
  A water moccasin zombie (Ossuary)
  8 killer bees
  10 wights
  4 howler monkeys
  4 electric eels
  2 bullfrog zombies (D:12)
  A quasit (D:9)
  3 jellies
  6 orc priests
  7 hounds
  4 centaur skeletons
  13 orc wizards
  Ijyb (D:3)
  5 iguanas
  9 worker ants
  3 hound zombies
  2 mummies (Ossuary)
  A hound skeleton (D:3)
  2 worker ant zombies
  11 gnolls
  A howler monkey skeleton (D:9)
  20 adders
  5 shadow imps
  3 white imps
  2 oozes (D:1)
  6 adder zombies
  An adder skeleton (D:4)
  4 worms
  4 dart slugs
  4 leopard geckos
  85 orcs
  4 giant cockroaches
  3 gnoll zombies (Ossuary)
  9 goblins
  10 hobgoblins
  4 jackals (D:2)
  2 quokkas
  5 bats
  6 frilled lizards
  6 hobgoblin zombies (Ossuary)
  17 kobolds
  5 kobold zombies (Ossuary)
  A leopard gecko skeleton (D:5)
  3 orc zombies (Ossuary)
  13 rats
  8 fungi
  6 plants
764 creatures vanquished.

Vanquished Creatures (collateral kills)
  A hydra (Lair:5)
  An ice dragon (Lair:6)
  Erolcha (D:9)
  A two-headed ogre (D:12)
  A polar bear (D:12)
  A shadow (D:12)
  3 vampire mosquitoes (D:12)
  A wolf (D:12)
  2 white imps (D:12)
  An ufetubus (D:12)
13 creatures vanquished.

Vanquished Creatures (others)
  21 demonic plants (Gauntlet)
  4 fungi
  14 plants
39 creatures vanquished.

Grand Total: 816 creatures vanquished

Notes
Turn   | Place    | Note
-------+----------+-------------------------------------------
     0 | D:1      | Duffy the Naga Gladiator began the quest for the Orb.
     0 | D:1      | Reached XP level 1. HP: 19/19 MP: 1/1
    39 | D:1      | Reached XP level 2. HP: 24/26 MP: 2/2
   593 | D:2      | Reached XP level 3. HP: 26/33 MP: 3/3
   958 | D:2      | Reached skill level 4 in Axes
  1110 | D:2      | Reached XP level 4. HP: 32/40 MP: 4/4
  1261 | D:2      | You fall into a shaft and drop 1 floor!
  1581 | D:2      | Found a hazy altar of Hepliaklqana,
  1584 | D:2      | Found an ornate altar of the Wu Jian Council,
  1586 | D:2      | Found a shimmering altar of Xom,
  1596 | D:2      | Reached XP level 5. HP: 14/49 MP: 5/5
  1598 | D:2      | Found a glowing golden altar of the Shining One,
  1889 | D:2      | Found a radiant altar of Vehumet,
  1889 | D:2      | Found a burning altar of Makhleb,
  1891 | D:2      | Found a shadowy altar of Dithmenos,
  1892 | D:2      | Found a shimmering blue altar of Sif Muna,
  1893 | D:2      | Found an iron altar of Okawaru,
  1901 | D:2      | Became a worshipper of Makhleb the Destroyer
  2940 | D:3      | Reached * piety under Makhleb
  2987 | D:3      | Reached skill level 5 in Axes
  3043 | D:3      | Reached XP level 6. HP: 56/56 MP: 6/6
  3832 | D:4      | Noticed Ijyb
  3842 | D:3      | Killed Ijyb
  4384 | D:4      | Reached skill level 13 in Axes
  4384 | D:4      | Reached XP level 7. HP: 60/63 MP: 7/7
  4588 | D:4      | Found a sacrificial altar of Ru,
  4676 | D:5      | Entered Level 5 of the Dungeon
  5000 | D:5      | Reached XP level 8. HP: 49/72 MP: 8/8
  5514 | D:4      | Reached skill level 1 in Evocations
  5812 | D:5      | Noticed Edmund
  5825 | D:5      | Killed Edmund
  5977 | D:6      | Noticed Eustachio
  5998 | D:6      | Killed Eustachio
  6063 | D:6      | Reached ** piety under Makhleb
  6206 | D:6      | Found a sand-covered staircase,
  6213 | Ossuary  | Entered an ossuary
  6383 | Ossuary  | Reached XP level 9. HP: 78/78 MP: 9/9
  6395 | Ossuary  | Reached skill level 5 in Dodging
  7434 | D:7      | Noticed a hornet
  7445 | D:6      | Killed a hornet
  7828 | D:7      | Found a white marble altar of Elyvilon,
  8003 | D:7      | Reached *** piety under Makhleb
  8363 | D:7      | Found a staircase to the Ecumenical Temple,
  8565 | D:7      | Reached skill level 5 in Fighting
  8914 | D:7      | Noticed a seven-headed hydra
  8915 | D:7      | Found the macabre finger necklace {rN+}
  8915 | D:7      | Found the +3 crown of Dyrovepreva {rElec Int+2 SInv}
  9244 | D:7      | Killed a seven-headed hydra
  9244 | D:7      | Reached XP level 10. HP: 91/91 MP: 12/12
  9306 | D:7      | Noticed a manticore
  9312 | D:7      | Killed a manticore
 10221 | D:8      | Found a shadowy altar of Dithmenos,
 10389 | D:8      | Noticed Grum
 10418 | D:8      | Killed Grum
 10418 | D:8      | Reached **** piety under Makhleb
 10847 | D:8      | Reached skill level 5 in Evocations
 11216 | D:9      | Found a shattered altar of Ashenzari,
 11308 | D:9      | Found a staircase to the Lair,
 11308 | D:9      | Noticed a death yak
 11309 | D:9      | Noticed a death yak
 11309 | D:9      | Noticed a death yak
 11309 | D:9      | Noticed a death yak
 11309 | D:9      | Noticed a death yak
 11381 | D:9      | Noticed an ice statue
 11383 | D:9      | You fall into a shaft and drop 2 floors!
 11384 | D:11     | Noticed a cyclops
 11515 | D:11     | Reached skill level 14 in Axes
 11515 | D:11     | Reached skill level 1 in Invocations
 11533 | D:11     | Killed a cyclops
 11539 | D:11     | Reached XP level 11. HP: 99/99 MP: 14/14
 11618 | D:11     | Noticed Nergalle
 11624 | D:11     | Noticed a spectral orc warlord
 11763 | D:11     | Noticed a purple ugly thing
 11775 | D:11     | Killed a red ugly thing
 11874 | D:11     | Found Sauxkaf's Distillery,
 12320 | D:11     | Killed Nergalle
 12397 | D:11     | Noticed Fannar
 12413 | D:11     | Killed Fannar
 12413 | D:11     | Reached skill level 5 in Invocations
 12783 | D:11     | Noticed a cyclops
 12801 | D:11     | Killed a cyclops
 13071 | D:11     | Noticed a manticore
 13091 | D:11     | Killed a manticore
 13267 | D:11     | Noticed Gastronok
 13286 | D:10     | Entered Level 10 of the Dungeon
 13295 | D:10     | Reached ***** piety under Makhleb
 13420 | D:10     | Reached skill level 1 in Armour
 13468 | D:9      | Noticed Erica
 13487 | D:10     | Killed Erica
 13550 | D:10     | Killed a death yak
 13585 | D:10     | Killed a death yak
 13585 | D:10     | Reached XP level 12. HP: 94/110 MP: 10/17
 14313 | D:10     | Killed a death yak
 14313 | D:10     | Reached skill level 5 in Armour
 14318 | D:10     | Killed a death yak
 14502 | D:10     | Killed a death yak
 14772 | D:9      | Noticed a two-headed ogre
 14775 | D:9      | Noticed a two-headed ogre
 14779 | D:9      | Killed a two-headed ogre
 14787 | D:9      | Killed a two-headed ogre
 14844 | D:9      | Found a stormy altar of Qazlal,
 15144 | D:9      | Noticed Erolcha
 15195 | Lair:1   | Entered Level 1 of the Lair of Beasts
 16006 | Lair:1   | Noticed a four-headed hydra
 16013 | Lair:1   | Killed a one-headed hydra
 17125 | Lair:2   | Found a staircase to the Shoals,
 17208 | Lair:2   | Gained mutation: You can use your snake-like lower body to
                  | constrict enemies. [Naga growth]
 17208 | Lair:2   | Reached XP level 13. HP: 101/117 MP: 14/18
 17329 | Lair:2   | Got a colourful robe
 17761 | Lair:3   | Reached skill level 15 in Axes
 18139 | Lair:3   | Found a staircase to the Snake Pit,
 18872 | Lair:4   | Found a snail-covered altar of Cheibriados,
 19253 | Lair:4   | Reached ****** piety under Makhleb
 19253 | Lair:4   | Reached skill level 16 in Axes
 20957 | Lair:6   | Entered Level 6 of the Lair of Beasts
 20961 | Lair:6   | Got a fabulously ornate robe
 21002 | Lair:6   | Found a staircase to the Slime Pits,
 21002 | Lair:6   | Found a viscous altar of Jiyva,
 21087 | Lair:6   | Found a runed translucent door,
 21088 | Lair:6   | Noticed an ice dragon
 21094 | Lair:6   | Reached XP level 14. HP: 130/130 MP: 19/19
 21233 | Lair:6   | Reached skill level 10 in Fighting
 22324 | Lair:6   | Identified Dujaf's Guide on Stones and Fire
 22572 | Lair:6   | Reached skill level 10 in Dodging
 23105 | D:9      | Killed Erolcha
 23534 | D:9      | Found a shattered altar of Ashenzari,
 23690 | D:9      | Found a staircase to the Lair,
 24001 | D:9      | Found a stormy altar of Qazlal,
 24361 | D:11     | Killed Gastronok
 24605 | D:12     | Noticed Rupert
 24605 | D:12     | Paralysed by Rupert for 5 turns
 24622 | D:12     | Killed Rupert
 24700 | D:12     | Reached XP level 15. HP: 138/138 MP: 18/20
 24994 | D:12     | Found a staircase to the Orcish Mines,
 25320 | Orc:1    | Entered Level 1 of the Orcish Mines
 25510 | Orc:2    | Entered Level 2 of the Orcish Mines
 25734 | Orc:2    | Found a staircase to the Elven Halls,
 25931 | Orc:2    | Found Wiynilir's Distillery,
 25931 | Orc:2    | Found Fuoxeogi's Food Emporium,
 25960 | Orc:2    | Noticed Maurice
 26026 | Orc:2    | Killed Maurice
 26065 | Orc:2    | Found Saupti's Armour Boutique,
 26065 | Orc:2    | Found Faixedus's General Store,
 26075 | Orc:2    | Bought a potion of invisibility for 88 gold pieces
 26076 | Orc:2    | Bought a scroll of identify for 34 gold pieces
 26268 | Orc:2    | Noticed Duffy's ghost (journeyman NaGl)
 26300 | Orc:2    | Found a runed translucent gate,
 26300 | Orc:2    | Found a runed translucent gate,
 26300 | Orc:2    | Found a runed translucent gate,
 26865 | D:13     | Found a burning altar of Makhleb,
 27050 | D:13     | Found Rokoo's General Store,
 27238 | D:13     | Found a roughly hewn altar of Beogh,
 27240 | D:13     | Reached skill level 10 in Armour
 27517 | D:14     | Found Coxaegyts's Assorted Antiques,
 27537 | D:14     | Found a gate to the Vaults,
 27604 | D:14     | Found a stormy altar of Qazlal,
 27689 | D:14     | Found Deluyroq's Distillery,
 27707 | D:14     | Found Epaan's Book Emporium,
 27708 | D:14     | Bought a potion of magic for 112 gold pieces
 27735 | D:14     | Found Xegao's Antique Armour Shop,
 27740 | D:14     | Bought a jewelled helmet for 247 gold pieces
 27740 | D:14     | Identified the +0 helmet of Chimes {Str+3 Int+3} (You
                  | bought it in a shop on level 14 of the Dungeon)
 27742 | D:14     | Bought a warped plate armour for 728 gold pieces
 27742 | D:14     | Identified the +3 plate armour of Qyacam {Str+2} (You
                  | bought it in a shop on level 14 of the Dungeon)
 28214 | D:15     | Entered Level 15 of the Dungeon
 28247 | D:15     | Reached XP level 16. HP: 145/146 MP: 19/21
 28278 | D:15     | Found a gate leading to a gauntlet,
 28290 | Gauntlet | Entered a Gauntlet
 28290 | Gauntlet | Found a transporter,
 28290 | Gauntlet | Found a transporter,
 28291 | Gauntlet | Found a transporter,
 28294 | Gauntlet | Found a transporter,
 28294 | Gauntlet | Found a transporter,
 28294 | Gauntlet | Found a transporter,
 28306 | Gauntlet | Found a transporter,
 28308 | Gauntlet | Found a transporter,
 28323 | Gauntlet | Found a transporter,
 28324 | Gauntlet | Found a transporter,
 28342 | Gauntlet | Found a transporter,
 28346 | Gauntlet | Found a transporter,
 28601 | Gauntlet | Got a fine cloak
 28602 | Gauntlet | Identified the -5 cloak of Hedging {rPois Regen+ MP+9} (You
                  | found it in a Gauntlet)
 28623 | Gauntlet | Identified the +7 great mace "Tuzou" {elec, rF++ Str+4
                  | Int+4 Dex-5}
 28691 | Gauntlet | Found the +5 demon whip "Spellbinder" {antimagic, MR+}
 28691 | Gauntlet | Got a crude great sword
 28692 | Gauntlet | Identified the ring "Cifog" {rElec rC+ rN+ Int-5 Slay+2}
                  | (You found it in a Gauntlet)
 28892 | D:15     | HP: 5/148 [orc sorcerer/bolt of fire (21)]
 28892 | D:15     | Killed from afar by an orc sorcerer

Levels and vault maps discovered:
D:1:      dpeg_arrival_leaves_temple_mockup, layout_rooms, minivault_27
D:2:      layout_rooms, minitemple, serial_corexii_hall, corexii_hall_statues_i,
          corexii_hall_statues_u, kennysheep_potato
D:3:      minmay_door_path, layout_basic, kennysheep_generic_room_4
D:4:      layout_cave_pools, hangedman_ru_absence, uniq_ijyb
D:5:      layout_basic, first_ration, uniq_edmund
D:6:      layout_loops_corners, enter_ossuary_1, roderic_roman_lattice,
          uniq_eustachio
D:7:      minmay_the_grid_triangle_9x9_recursive_2
          [minmay_the_grid_triangle_9x9_prize_center,
          minmay_the_grid_triangle_9x9_odd_lines,
          minmay_the_grid_triangle_9x9_flanged_cone,
          minmay_the_grid_triangle_9x9_dagger], layout_basic, elyvilon_altar_1,
          minmay_temple_entry_proselytizer, the_bakery
D:8:      layout_layer_cave, serial_glass, glass_columns_b, glass_columns_b,
          glass_columns_a, glass_columns_c, glass_columns_b, glass_columns_a,
          grunt_dithmenos_smoke_and_mirrors, uniq_grum
D:9:      layout_irregular_city, kennysheep_little_box,
          cheibrodos_ashenzari_chains, dpeg_lair_monsters, minivault_15,
          grunt_potential, uniq_erica, uniq_erolcha
D:10:     layout_roguey, serial_bayou_pond_e, dk_noncrumbling_4,
          serial_bayou_pond_b
D:11:     minmay_chambers_of_sixes, layout_loops_ring, serial_shops,
          kennysheep_mini_moat, uniq_gastronok, uniq_fannar, uniq_nergalle
D:12:     layout_irregular_city, hiddenorc1_lemuel, serial_ice, serial_ice_b,
          serial_ice_n, serial_ice_h, serial_ice_l, serial_ice_m, serial_ice_d,
          serial_ice_e, serial_ice_c, minmay_unpleasant_kobolds, uniq_rupert
D:13:     layout_roguey [special_room_orc], serial_shops, nicolae_shop_crystal,
          basic_altar
D:14:     layout_basic, david_vaults_2, serial_shops, shop,
          nicolae_shop_statue_plus, shop, nicolae_shop_statue_plus,
          abandoned_shop, grunt_qazlal_clouds
D:15:     hangedman_depths_entry_civil_slaughter, layout_cave_pods,
          gauntlet_entry_generic, small_statue_alley_a,
          statue_in_the_mist_lemuel, minmay_misc_feat_hallway,
          serial_park_tiny_1, uniq_jorgrun
Lair:1:   layout_chaotic_city, grunt_megastairs_3
Lair:2:   layout_chaotic_city, shoals_dummy_entry, beast_lair_carwin_5,
          infiniplex_staircase_pool, minmay_lair_oklob_chamber,
          grunt_megastairs_4, lemuel_fruit_tree, serial_bayou_shore_b
Lair:3:   layout_roguey, minmay_snake_entry_guardpost_large, pond,
          grunt_megastairs_2, lemuel_fruit_fields
Lair:4:   layout_roguey, special_room [special_room_mythical_zoo], basic_altar
Lair:5:   cheibrodos_lair_river_kwai, layout_gridlike, minivault_25
Lair:6:   hangedman_lair_caniforms_friends, layout_hall_layers, wormcave,
          slime_altar_1, chequers_serial_rivers_large_b
Orc:1:    layout_diamond_mine
Orc:2:    st_orc_ogre_mass, layout_caves, maelrawn_ghost_gauntlet_escape,
          uniq_maurice

Skill      XL: |  1  2  3  4  5  6  7  8  9 10 11 12 13 14 15 16 |
---------------+-------------------------------------------------+-----
Axes           | 4 5 13 14 16 | 16.0
Fighting       | 3 4 5 6 8 9 10 | 10.7
Dodging        | 3 4 5 7 10 12 | 12.5
Evocations     | 1 3 5 |  5.0
Invocations    | 2 7 |  7.2
Armour         | 4 8 9 10 11 | 11.2
Throwing       | |  1.7

Action                   |  1- 3 |  4- 6 |  7- 9 | 10-12 | 13-15 | 16-18 || total
-------------------------+-------+-------+-------+-------+-------+-------++-------
Melee: War axe           |    67 |   180 |   308 |    42 |       |       ||   597
       Battleaxe         |       |       |       |   638 |    72 |       ||   710
       Scimitar          |       |       |       |     5 |    18 |       ||    23
       Broad axe         |       |       |       |       |  1016 |    62 ||  1078
       Constrict         |       |       |       |       |   249 |    11 ||   260
Throw: Throwing net      |       |     1 |     2 |     1 |       |       ||     4
Invok: Lesser Servant of |       |       |       |       |    17 |     2 ||    19
 Abil: Spit Poison       |     3 |     3 |     9 |    10 |       |       ||    25
Evoke: Wand              |       |       |     5 |    35 |     7 |     2 ||    49
       Tin of tremorston |       |       |       |     1 |     1 |       ||     2
       Phial of floods   |       |       |       |       |     1 |       ||     1
  Use: Scroll            |       |     9 |     6 |     9 |    12 |     2 ||    38
       Potion            |       |     1 |       |       |     1 |       ||     2
 Stab: Sleeping          |       |     1 |     1 |     2 |     2 |       ||     6
       Held in net/web   |       |       |     1 |     1 |       |       ||     2
       Distracted        |       |       |       |       |     3 |       ||     3
  Eat: Chunk             |    12 |     9 |    10 |    19 |    24 |       ||    74
       Ration            |       |       |       |     2 |     2 |     1 ||     5
Armor: Leather armour    |    31 |    49 |    13 |    74 |       |       ||   167
       Ring mail         |       |     4 |    50 |       |       |       ||    54
       Acid dragon scale |       |       |       |   282 |   521 |    22 ||   825
Dodge: Dodged            |    53 |   122 |   153 |   485 |   642 |    33 ||  1488
Block: Kite shield       |       |       |       |       |   410 |    21 ||   431
       Rpst.: Scimitar   |       |       |       |       |     3 |       ||     3

Table legend:
 A = Non-vault XP
 B = Vault XP
 C = Vault XP percentage of total XP
 D = Non-vault monster count
 E = Vault monster count
 F = Vault count percentage of total count
                 A         B        C        D         E       F
            +---------+---------+-------+---------+---------+-------
      Total |   63431 |   72724 |  53.4 |     457 |     306 |  40.1
            +---------+---------+-------+---------+---------+-------
        D:1 |      25 |       0 |   0.0 |      10 |       0 |   0.0
        D:2 |      98 |       3 |   3.0 |      30 |       2 |   6.2
        D:3 |     224 |      44 |  16.4 |      33 |       5 |  13.2
        D:4 |     311 |       0 |   0.0 |      10 |       0 |   0.0
        D:5 |     395 |     166 |  29.6 |       9 |       1 |  10.0
        D:6 |    1050 |     396 |  27.4 |      19 |       2 |   9.5
        D:7 |     644 |    2256 |  77.8 |      16 |      11 |  40.7
        D:8 |    1420 |     524 |  27.0 |      20 |       4 |  16.7
        D:9 |    2961 |    1781 |  37.6 |      24 |      15 |  38.5
       D:10 |    1653 |    5444 |  76.7 |      29 |       7 |  19.4
       D:11 |    4864 |    5325 |  52.3 |      31 |      10 |  24.4
       D:12 |    3862 |    3219 |  45.5 |      22 |      35 |  61.4
       D:13 |    6351 |    2093 |  24.8 |      36 |      25 |  41.0
       D:14 |    2721 |    2753 |  50.3 |       8 |       3 |  27.3
       D:15 |    3339 |    2003 |  37.5 |      10 |       2 |  16.7
     Lair:1 |    3900 |     908 |  18.9 |      13 |       4 |  23.5
     Lair:2 |    1055 |    1526 |  59.1 |       8 |       9 |  52.9
     Lair:3 |    3932 |    2515 |  39.0 |      16 |      14 |  46.7
     Lair:4 |    3681 |     205 |   5.3 |      17 |       1 |   5.6
     Lair:5 |    6855 |    2634 |  27.8 |      19 |       8 |  29.6
     Lair:6 |    9639 |   16373 |  62.9 |      23 |      73 |  76.0
      Orc:1 |    1195 |       0 |   0.0 |       7 |       0 |   0.0
      Orc:2 |    3256 |   19306 |  85.6 |      47 |      40 |  46.0
    Ossuary |       0 |     157 | 100.0 |       0 |      25 | 100.0
   Gauntlet |       0 |    3093 | 100.0 |       0 |      10 | 100.0
            +---------+---------+-------+---------+---------+-------
